 Dungeon Crawl Stone Soup version 0.19-a0-1686-g35356ef (webtiles) character file.

52 st0uf the Chopper (level 3, 0/28 HPs)
             Began as a Demonspawn Gladiator on Sept 25, 2016.
             Succumbed to an adder's poison
             ... on level 2 of the Dungeon.
             The game lasted 00:03:22 (1462 turns).

st0uf the Chopper (Demonspawn Gladiator)            Turns: 1462, Time: 00:03:23

Health: 0/28       AC:  7    Str: 16    XL:     3   Next: 60%
Magic:  3/3        EV: 12    Int: 14    God:
Gold:   38         SH:  0    Dex: 13    Spells: 0 memorised, 2 levels left

rFire  + . .     SeeInvis .     a - +0 war axe
rCold  + . .     Gourm    .     b - +0 leather armour
rNeg   . . .     Faith    .     (no shield)
rPois  .         Spirit   .     c - +0 helmet
rElec  .         Dismiss  .     (no cloak)
rCorr  .         Reflect  .     (no gloves)
MR     .....     Harm     .     (no boots)
Stlth  +.........               (no amulet)
                                (no ring)
                                (no ring)

@: brilliant, lethally poisoned (0 -> -16)
A: talons 1, iridescent scales 1, cold resistance 1, fire resistance 1,
MP-powered wands
a: no special abilities


You were on level 2 of the Dungeon.
You were not hungry.

You visited 1 branch of the dungeon, and saw 2 of its levels.

You collected 38 gold pieces.

Inventory:

Hand Weapons
 a - a +0 war axe (weapon)
Missiles
 d - 3 throwing nets (quivered)
Armour
 b - a +0 leather armour (worn)
 c - a +0 helmet (worn)
Scrolls
 e - a scroll of immolation {unknown}
 g - a scroll of amnesia {unknown}
 j - a scroll of remove curse {unknown}
 o - 2 scrolls of enchant weapon {unknown}
Potions
 i - a potion of brilliance
 m - a potion of lignification {unknown}
Comestibles
 f - a bread ration
 h - a beef jerky
 l - 2 slices of pizza
 n - a meat ration
 p - a chunk of flesh


   Skills:
 * Level 2.8 Fighting
 * Level 3.3 Axes
 - Level 1.7 Throwing
 + Level 0.8 Armour
 + Level 2.9 Dodging


You had 2 spell levels left.
You didn't know any spells.

Dungeon Overview and Level Annotations

Branches:
Dungeon (2/15)

Altars:


Innate Abilities, Weirdness & Mutations

You have sharp toenails.
You are partially covered in iridescent scales. (AC +2)
Your flesh is cold resistant. (rC+)
Your flesh is heat resistant. (rF+)
You expend magic power (3 MP) to strengthen your wands.


Message History

You hit the adder.
The adder is heavily wounded.
You feel sick. The adder misses you. The adder bites you.
* * * LOW HITPOINT WARNING * * *
You are more poisoned.
The adder poisons you!
You closely miss the adder.
The adder is heavily wounded.
* * * LOW HITPOINT WARNING * * *
You feel sick. The adder misses you. The adder closely misses you.
It was a potion of brilliance.
You feel clever all of a sudden. The adder bites you.
* * * LOW HITPOINT WARNING * * *
You are more poisoned.
The adder poisons you!
It was a potion of mutation.
You feel extremely strange.
You feel your magical essence link to your wands.
You feel resistant to cold.
You feel resistant to heat.
You die...

#####... #......#
####..?.>.# ..[.......#
#......# . #......# ..
#......##... ###
#...†S...... ..#
#...@...#... #.#
####..#.#... #.#
##.####..#.#....##.#####
.......$................
##.......#.#....##.#####
.....###.#.#######.#####
..... #.#.#####........
.....###.#.#...#.)......
...........#..†#.÷......


You could see an adder.

Vanquished Creatures
  An adder (D:2)
  A dart slug (D:1)
  A leopard gecko (D:1)
  2 giant cockroaches (D:1)
  3 goblins
  7 hobgoblins
  3 jackals (D:2)
  2 ball pythons
  9 bats
  2 frilled lizards (D:1)
  6 kobolds
  4 rats
41 creatures vanquished.

Vanquished Creatures (others)
  4 toadstools (D:1)
4 creatures vanquished.

Grand Total: 45 creatures vanquished

Notes
Turn   | Place    | Note
-------+----------+-------------------------------------------
     0 | D:1      | st0uf the Demonspawn Gladiator began the quest for the Orb.
     0 | D:1      | Reached XP level 1. HP: 16/16 MP: 1/1
   349 | D:1      | Gained mutation: You are partially covered in iridescent scales. (AC +2) [demonic ancestry]
   349 | D:1      | Reached XP level 2. HP: 22/22 MP: 2/2
   367 | D:1      | Reached skill level 3 in Axes
   947 | D:1      | Gained mutation: You have sharp toenails. [demonic ancestry]
   947 | D:1      | Reached XP level 3. HP: 28/28 MP: 3/3
  1462 | D:2      | Gained mutation: You expend magic power (3 MP) to strengthen your wands. [potion of mutation]
  1462 | D:2      | Gained mutation: Your flesh is cold resistant. (rC+) [potion of mutation]
  1462 | D:2      | Gained mutation: Your flesh is heat resistant. (rF+) [potion of mutation]
  1462 | D:2      | Succumbed to an adder's poison

Vault maps used:
D:1:      ldierk_walled_garden_2, hangedman_glass_garden
D:2:      nicolae_overflow_crystal_walls, first_bread

Skill      XL: |  1  2 |
---------------+-------+-----
Axes           | 3 |  3.3
Fighting       | |  2.8
Throwing       | |  1.7
Armour         | |  0.8
Dodging        | |  2.9

Action                   || total
-------------------------++-------
Melee: War axe           ||   131
       Kick              ||     5
  Use: Potion            ||     2
  Eat: Chunk             ||     2
Armor: Leather armour    ||   103
Dodge: Dodged            ||   117
